 Dungeon Crawl Stone Soup version 0.31.0-11-ge490571c62 (webtiles) character file.

Game seed: 5973322341947026193

19 Flugkiller the Ruffian (level 2, 0/23 HPs)
             Began as a Demigod Shapeshifter on Jan 30, 2024.
             Slain by a hobgoblin (1 damage)
             ... on level 1 of the Dungeon.
             The game lasted 00:00:22 (493 turns).

Flugkiller the Ruffian (Demigod Shapeshifter)        Turns: 493, Time: 00:00:23

Health: 0/23       AC:  2    Str: 15    XL:     2   Next: 39%
Magic:  4/4        EV: 12    Int: 12    God:
Gold:   47         SH:  0    Dex: 13    Spells: 1/1 levels left

rFire   . .          .
                       - Unarmed
rCold   . . .        (no shield)
rNeg    . . .        a - +0 animal skin
rPois   .            (helmet currently unavailable)
rElec   .            (cloak currently unavailable)
rCorr   .            (gloves currently unavailable)
SInv    .            (boots currently unavailable)
Will    .....        (no amulet)
Stlth   +            (no ring)
HPRegen 0.23/turn    (no ring)
MPRegen 0.09/turn

%: no passive effects
@: beast-form
A: beast (slay +1), high MP 1, forlorn, divine attributes
a: Begin Untransformation


You were on level 1 of the Dungeon.
You were a hulking beast.
You visited 1 branch of the dungeon, and saw 1 of its levels.

You collected 47 gold pieces.

Inventory:

Armour
 a - a +0 animal skin (worn)
Talismans
 c - a beast talisman
 d - a flux talisman
Scrolls
 e - 2 scrolls of identify {unknown}
 g - a scroll of teleportation {unknown}
Potions
 b - a potion of lignification
 f - a potion of brilliance {unknown}
 h - a potion of degeneration {unknown}
 i - 2 potions of haste {unknown}


   Skills:
 + Level 1.5 Fighting
 - Level 1.7 Dodging
 + Level 3.0 Unarmed Combat
 + Level 2.9 Shapeshifting


You had one spell level left.
You didn't know any spells.
Your spell library was empty.

Dungeon Overview and Level Annotations

Branches:
Dungeon (1/15) Zot: 5504


Innate Abilities, Weirdness & Mutations

You are a hulking beast.
Your limbs bulge with bestial killing power. (Slay +1)
You have an increased reservoir of magic. (+10% MP)
You shall have no god before yourself.
Your divine heritage dramatically boosts your attributes as you level up.


Message History

The ball python constricts you.
You hit the ball python.
You kill the ball python!
The ball python closely misses you. The ball python completely misses you.
You hit the ball python.
The ball python is heavily wounded.
The ball python barely misses you. The ball python grabs you.
The ball python constricts you.
You closely miss the ball python.
The ball python is heavily wounded.
The ball python bites you. The ball python constricts you.
You completely miss the ball python.
The ball python is heavily wounded.
The ball python bites you. The ball python constricts you.
You barely miss the ball python. Your punch misses the ball python.
The ball python is heavily wounded.
The ball python barely misses you. The ball python constricts you.
You hit the ball python.
You kill the ball python!
No target in view!
No target in view!
No target in view!
A hobgoblin comes into view.
A hobgoblin is nearby!
A hobgoblin is nearby!
The hobgoblin shouts!
A ball python comes into view.
A giant cockroach comes into view.
The hobgoblin hits you.
You barely miss the hobgoblin. The hobgoblin hits you.
The ball python hisses angrily.
You hit the hobgoblin.
The hobgoblin is severely wounded.
The hobgoblin hits you.
You are too injured to fight recklessly!
You are too injured to fight recklessly!
There are monsters nearby!
You are too injured to fight recklessly!
There are monsters nearby!
You are too injured to fight recklessly!
You are too injured to fight recklessly!
You completely miss the hobgoblin.
The hobgoblin is severely wounded.
The giant cockroach barely misses you.
The giant cockroach attacks as it pursues you!
The giant cockroach bites you. The hobgoblin closely misses you.
The giant cockroach barely misses you.
The hobgoblin attacks as it pursues you!
The hobgoblin hits you.
The giant cockroach attacks as it pursues you!
The giant cockroach bites you but does no damage.
The giant cockroach bites you but does no damage.
The giant cockroach bites you.
The giant cockroach attacks as it pursues you!
The giant cockroach misses you.
The giant cockroach attacks as it pursues you!
The giant cockroach bites you but does no damage.
You are too injured to fight recklessly!
You closely miss the giant cockroach. The giant cockroach barely misses you.
You are too injured to fight recklessly!
You hit the giant cockroach.
The giant cockroach is almost dead.
The giant cockroach bites you but does no damage.
You are too injured to fight recklessly!
You closely miss the giant cockroach.
The giant cockroach is almost dead.
The giant cockroach bites you but does no damage.
You are too injured to fight recklessly!
You barely miss the giant cockroach.
The giant cockroach is almost dead.
The giant cockroach misses you.
You are too injured to fight recklessly!
You hit the giant cockroach.
You kill the giant cockroach!
The ball python bites you. The ball python grabs you.
The ball python constricts you.
You are too injured to fight recklessly!
You barely miss the ball python. The ball python bites you.
The ball python constricts you.
You hit the ball python.
The ball python is severely wounded.
The ball python bites you.
* * * LOW HITPOINT WARNING * * *
The ball python constricts you.
You hit the ball python.
You kill the ball python!
You hit the hobgoblin.
The hobgoblin is severely wounded.
The hobgoblin hits you.
* * * LOW HITPOINT WARNING * * *
You closely miss the hobgoblin.
The hobgoblin is severely wounded.
The hobgoblin hits you.
* * * LOW HITPOINT WARNING * * *
You closely miss the hobgoblin.
The hobgoblin is severely wounded.
The hobgoblin closely misses you.
You closely miss the hobgoblin.
The hobgoblin is severely wounded.
The hobgoblin hits you.
You die...

##.#.#### #...# #..##
#..# #..#
#..############
#.............#
#≈≈≈≈≈≈≈######.#
##...~.## #h# #.....#
#g# #
##...########.######.##
#....................#
############.........#
#########.# #


You could see a hobgoblin.

Vanquished Creatures
  A dart slug (D:1)
  4 ball pythons (D:1)
  A bat (D:1)
  An endoplasm (D:1)
  3 giant cockroaches (D:1)
  A hobgoblin (D:1)
  2 frilled lizards (D:1)
  2 kobolds (D:1)
  A rat (D:1)
16 creatures vanquished.

Notes
Turn   | Place    | Note
-------+----------+-------------------------------------------
     0 | D:1      | Flugkiller the Demigod Shapeshifter began the quest for the
                  | Orb.
     0 | D:1      | Reached XP level 1. HP: 15/15 MP: 3/3
   141 | D:1      | Reached skill level 1 in Fighting
   328 | D:1      | Reached XP level 2. HP: 23/23 MP: 4/4
   417 | D:1      | Reached skill level 3 in Unarmed Combat
   491 | D:1      | HP: 1/23 [hobgoblin (1)]
   493 | D:1      | Slain by a hobgoblin

Illustrated notes

Levels and vault maps discovered:
D:1:      dpeg_arrival_water_fire, layout_loops_ring, serial_shops, shop,
          serial_rivers, chequers_serial_rivers_micro_e,
          chequers_serial_rivers_room_a, chequers_serial_rivers_large_b,
          chequers_serial_rivers_small_b, chequers_serial_rivers_room_b,
          chequers_serial_rivers_marsh

Skill      XL: |  1  2 |
---------------+-------+-----
Fighting       | 1 |  1.5
Unarmed Combat | 3 |  3.0
Dodging        | |  1.7
Shapeshifting  | |  2.9

Action                     || total
---------------------------++-------
  Melee: Unarmed           ||    54
         Punch             ||     1
   Stab: Sleeping          ||     1
 Armour: Animal skin       ||    33
  Dodge: Dodged            ||    26
